 Dungeon Crawl Stone Soup version 0.21.1-1-g345015fe64 (webtiles) character file.

103 LevaFresel the Bolt Thrower (level 5, -1/30 HPs)
             Began as a Kobold Arcane Marksman on June 11, 2018.
             Slain by a worm (7 damage)
             ... on level 2 of the Dungeon.
             The game lasted 00:12:27 (2301 turns).

LevaFresel the Bolt Thrower (KoAM)                  Turns: 2301, Time: 00:12:28

Health: -1/30      AC:  6    Str:  9    XL:     5   Next: 6%
Magic:  7/7        EV: 12    Int: 14    God:
Gold:   54         SH:  0    Dex: 15    Spells: 4/7 levels left

rFire    . . .     SeeInvis .   b - +0 dagger (drain)
rCold    + . .     Gourm    .   (shield restricted)
rNeg     . . .     Faith    .   i - +0 ring mail
rPois    .         Spirit   .   g - +0 helmet
rElec    .         Reflect  .   (no cloak)
rCorr    .         Harm     .   (no gloves)
MR       .....                  (no boots)
Stlth    +.........             (no amulet)
HPRegen  0.10/turn              h - ring of protection from cold
MPRegen  0.10/turn              (no ring)

@: heavily drained
A: small, carnivore
a: no special abilities


You were on level 2 of the Dungeon.
You were full.

You visited 1 branch of the dungeon, and saw 3 of its levels.

You collected 54 gold pieces.

Inventory:

Hand Weapons
 a - a +0 hand crossbow
 b - a +0 dagger of draining (weapon)
Missiles
 d - 7 bolts
Armour
 g - a +0 helmet (worn)
 i - a +0 ring mail (worn)
Jewellery
 e - a +3 amulet of reflection {unknown}
 h - a ring of protection from cold (left hand)
Scrolls
 m - a scroll of identify {unknown}
 o - a scroll of immolation {unknown}
 q - a scroll of magic mapping {unknown}
Potions
 k - a potion of haste {unknown}
 l - 2 potions of curing {unknown}
 s - 2 potions of resistance {unknown}
Books
 c - a book of Debilitation

   Spells                             Type                      Level
   a - Corona                         Hexes                        1
   b - Slow                           Hexes                        2
   c - Inner Flame                    Hexes/Fire                   3
   d - Portal Projectile              Hexes/Translocation          3
   e - Cause Fear                     Hexes                        4
   f - Leda's Liquefaction            Hexes/Earth                  4
Comestibles
 f - 7 rations
 p - 7 chunks of flesh


   Skills:
 + Level 1.7(0.3) Fighting
 + Level 1.5(0.0) Short Blades
 * Level 3.8(2.3) Crossbows
 + Level 0.7(0.0) Armour
 + Level 2.9(1.4) Dodging
 + Level 1.7(0.2) Spellcasting
 + Level 3.4(1.9) Hexes


You had 4 spell levels left.
You knew the following spells:

 Your Spells              Type           Power        Failure   Level  Hunger
a - Corona                Hex            #......      34%         1    ##.....
b - Slow                  Hex            #.......     47%         2    ###....


Dungeon Overview and Level Annotations

Branches:
Dungeon (3/15)

Altars:
Qazlal


Innate Abilities, Weirdness & Mutations

You are small and have problems with some larger weapons.
You are carnivorous and can eat meat at any time.


Message History

* * * LOW HITPOINT WARNING * * *
You closely miss the adder.
The adder is severely wounded.
The adder closely misses you. The adder misses you.
You miss the adder.
The adder is severely wounded.
The adder misses you. The worm bites you.
* * * LOW HITPOINT WARNING * * *
You miss the adder.
The adder is severely wounded.
The adder bites you but does no damage.
You closely miss the adder.
The adder is severely wounded.
The adder closely misses you. The worm barely misses you.
You hit the adder. You drain the adder!
You kill the adder!
You have reached level 5!
You feel stronger. The worm bites you!
You die...

#.# #.# ###### #.#
##### #....# #.#
##...##
#.##.####.###.....#
#.##...........<..#
#.#######.###.....#
#.# #.#
##...####.## #.#
#.# #..#@......#
#.#######.#
#..w†####..#
..........# #.#.##
#.. ### #
########### #.#.###
#.. ..## # #..
....#..$..#..###
#.# # #.#
...........<...# #.
# #.# ..#. ..
........# #. # #.#
...# .## ##....#.#
#. # ##.###...#.
#.#..#<# #.


You could see a worm.

Vanquished Creatures
  4 adders (D:2)
  An ooze (D:2)
  2 worms (D:2)
  4 dart slugs
  3 giant cockroaches
  7 goblins
  6 hobgoblins
  4 jackals (D:1)
  5 kobolds (D:1)
  2 ball pythons
  3 bats
  4 frilled lizards
  4 rats
49 creatures vanquished.

Notes
Turn   | Place    | Note
-------+----------+-------------------------------------------
     0 | D:1      | LevaFresel the Kobold Arcane Marksman began the quest for the Orb.
     0 | D:1      | Reached XP level 1. HP: 12/12 MP: 2/2
    77 | D:1      | Reached XP level 2. HP: 16/16 MP: 3/3
   181 | D:1      | Learned a level 2 spell: Slow
   299 | D:1      | Reached XP level 3. HP: 6/20 MP: 4/4
   682 | D:1      | Reached skill level 1 in Short Blades
  1763 | D:2      | Reached XP level 4. HP: 25/25 MP: 6/6
  1796 | D:2      | Found a stormy altar of Qazlal.
  2301 | D:2      | Reached XP level 5. HP: 6/30 MP: 7/7
  2301 | D:2      | Slain by a worm

Skill      XL: |  1  2  3 |
---------------+----------+-----
Crossbows      | 3 |  3.8
Short Blades   | 1 |  1.5
Fighting       | |  1.7
Armour         | |  0.7
Dodging        | |  2.9
Spellcasting   | |  1.7
Hexes          | |  3.4

Action                   |  1- 3 |  4- 6 || total
-------------------------+-------+-------++-------
Melee: Short sword       |    20 |       ||    20
       Dagger            |    19 |    63 ||    82
 Fire: Hand crossbow     |    68 |    11 ||    79
  Use: Scroll            |     1 |     2 ||     3
 Stab: Sleeping          |     1 |       ||     1
  Eat: Chunk             |     9 |       ||     9
Armor: Robe              |     6 |     5 ||    11
       Ring mail         |       |    11 ||    11
Dodge: Dodged            |    60 |    44 ||   104
